TOP OF THE 1ST |
Mile High Broncos batting - Pitching for Houston Hammertime : RHP Norberto Méndez
|
Pitching: RHP Norberto Méndez
|
|
Batting: LHB Doyle Otterburn
|
0-0: Called Strike 0-1: SINGLE (Line Drive, 34D)
|
Batting: LHB Tony Báez
|
0-0: Grounds into double play, 4-6-3 (Groundball, 4)
|
Batting: RHB José Herrera
|
0-0: Ball 1-0: Called Strike 1-1: Ball 2-1: Fly out, F6 (Line Drive, 6D)
|
Top of the 1st over - 0 run(s), 1 hit(s), 0 error(s), 0 left on base; Mile High 0 - Houston 0 |
BOTTOM OF THE 1ST |
Houston Hammertime batting - Pitching for Mile High Broncos : LHP John Wilkins
|
Pitching: LHP John Wilkins
|
|
Batting: RHB Aaron Wilson
|
0-0: Called Strike 0-1: DOUBLE (Line Drive, 89S)
|
Batting: RHB Santo Cruz
|
0-0: Ball 1-0: Called Strike 1-1: SINGLE (Flyball, 8LS) Aaron Wilson to third
|
Batting: SHB Cristo Ontiveros
|
0-0: Ball 1-0: Grounds into double play, 6-4-3 (Groundball, 6M) Aaron Wilson scores
|
Batting: RHB Luis Barzaga
|
0-0: Ball 1-0: Foul Ball, location: 2F 1-1: Ball 2-1: Ball 3-1: Ground out 5-3 (Groundball, 56)
|
Bottom of the 1st over - 1 run(s), 2 hit(s), 0 error(s), 0 left on base; Mile High 0 - Houston 1 |
TOP OF THE 2ND |
Mile High Broncos batting - Pitching for Houston Hammertime : RHP Norberto Méndez
|
Batting: RHB Juan Jose Guevana
|
0-0: Called Strike 0-1: Ball 1-1: SINGLE (Line Drive, 7LS)
|
Batting: LHB Bill Houston
|
0-0: Ball 1-0: Called Strike 1-1: Swinging Strike 1-2: Strikes out swinging
|
Batting: SHB Tom Stevens
|
0-0: Called Strike 0-1: Called Strike 0-2: Ball 1-2: Ball 2-2: Ball 3-2: Fly out, F3 (Line Drive, 3)
|
Batting: RHB Edward Williams
|
0-0: Ball 1-0: Ball 2-0: Called Strike 2-1: Fly out, F7 (Flyball, 7S)
|
Top of the 2nd over - 0 run(s), 1 hit(s), 0 error(s), 1 left on base; Mile High 0 - Houston 1 |
BOTTOM OF THE 2ND |
Houston Hammertime batting - Pitching for Mile High Broncos : LHP John Wilkins
|
Batting: LHB Pat Jones
|
0-0: Called Strike 0-1: Ball 1-1: Foul Ball, location: 2F 1-2: Ball 2-2: SOLO HOME RUN (Line Drive, 89XD), Distance : 406 ft
|
Batting: RHB Mario Beltrán
|
0-0: Ball 1-0: Ground out 1-3 (Groundball, 13S)
|
Batting: RHB Pedro Meza
|
0-0: Ball 1-0: Called Strike 1-1: Ball 2-1: Ball 3-1: Fly out, F8 (Flyball, 8LM)
|
Batting: RHB Domingo Matos
|
0-0: Ball 1-0: Ground out 1-3 (Groundball, 15)
|
Bottom of the 2nd over - 1 run(s), 1 hit(s), 0 error(s), 0 left on base; Mile High 0 - Houston 2 |
TOP OF THE 3RD |
Mile High Broncos batting - Pitching for Houston Hammertime : RHP Norberto Méndez
|
Batting: RHB Juan Gonzáles
|
0-0: SINGLE (Groundball, 56D)
|
Batting: RHB Francisco Medina
|
0-0: Ball 1-0: Called Strike 1-1: Called Strike 1-2: Grounds into double play, 4-6-3 (Groundball, 4)
|
Batting: LHB Doyle Otterburn
|
0-0: Ball 1-0: Ball 2-0: Called Strike 2-1: Foul Ball, location: 2F 2-2: Ground out 4-3 (Groundball, 34)
|
Top of the 3rd over - 0 run(s), 1 hit(s), 0 error(s), 0 left on base; Mile High 0 - Houston 2 |
BOTTOM OF THE 3RD |
Houston Hammertime batting - Pitching for Mile High Broncos : LHP John Wilkins
|
Batting: LHB José Villegas
|
0-0: Ball 1-0: SINGLE (Line Drive, 4D)
|
Batting: RHB Aaron Wilson
|
0-0: Ball 1-0: Ball 2-0: Called Strike 2-1: Ball 3-1: Base on Balls José Villegas to second
|
Batting: RHB Santo Cruz
|
0-0: Grounds into double play, 6-4-3 (Groundball, 6) José Villegas to third
|
Batting: SHB Cristo Ontiveros
|
0-0: Foul Ball, location: 2F 0-1: Ball 1-1: Swinging Strike 1-2: Ball 2-2: Ball 3-2: Base on Balls
|
Batting: RHB Luis Barzaga
|
0-0: Swinging Strike 0-1: Ball 1-1: Fly out, F8 (Flyball, 8LS)
|
Bottom of the 3rd over - 0 run(s), 1 hit(s), 0 error(s), 2 left on base; Mile High 0 - Houston 2 |
TOP OF THE 4TH |
Mile High Broncos batting - Pitching for Houston Hammertime : RHP Norberto Méndez
|
Batting: LHB Tony Báez
|
0-0: Called Strike 0-1: Ball 1-1: Called Strike 1-2: Ball 2-2: Strikes out swinging
|
Batting: RHB José Herrera
|
0-0: Called Strike 0-1: Called Strike 0-2: Fly out, F9 (Flyball, 9S)
|
Batting: RHB Juan Jose Guevana
|
0-0: Swinging Strike 0-1: Foul Ball, location: 2F 0-2: Ball 1-2: Strikes out swinging
|
Top of the 4th over - 0 run(s), 0 hit(s), 0 error(s), 0 left on base; Mile High 0 - Houston 2 |
BOTTOM OF THE 4TH |
Houston Hammertime batting - Pitching for Mile High Broncos : LHP John Wilkins
|
Batting: LHB Pat Jones
|
0-0: Foul Ball, location: 2F 0-1: Fly out, F7 (Flyball, 7M)
|
Batting: RHB Mario Beltrán
|
0-0: Ball 1-0: Called Strike 1-1: Ball 2-1: Ground out 5-3 (Groundball, 15S)
|
Batting: RHB Pedro Meza
|
0-0: Called Strike 0-1: Ball 1-1: Called Strike 1-2: Ball 2-2: Ball 3-2: Foul Ball, location: 2F 3-2: Foul Ball, location: 2F 3-2: Fly out, F5 (Popup, 5SF)
|
Bottom of the 4th over - 0 run(s), 0 hit(s), 0 error(s), 0 left on base; Mile High 0 - Houston 2 |
TOP OF THE 5TH |
Mile High Broncos batting - Pitching for Houston Hammertime : RHP Norberto Méndez
|
Batting: LHB Bill Houston
|
0-0: Called Strike 0-1: Ball 1-1: Ball 2-1: Foul Ball, location: 2F 2-2: Strikes out looking
|
Batting: SHB Tom Stevens
|
0-0: Ground out 6-3 (Groundball, 6)
|
Batting: RHB Edward Williams
|
0-0: Fly out, F8 (Flyball, 8RM)
|
Top of the 5th over - 0 run(s), 0 hit(s), 0 error(s), 0 left on base; Mile High 0 - Houston 2 |
BOTTOM OF THE 5TH |
Houston Hammertime batting - Pitching for Mile High Broncos : LHP John Wilkins
|
Batting: RHB Domingo Matos
|
0-0: Ball 1-0: Ball 2-0: Ball 3-0: Base on Balls
|
Batting: LHB José Villegas
|
0-0: Ball 1-0: Called Strike 1-1: Ball 2-1: Foul Ball, location: 2F 2-2: SINGLE (Groundball, 25) (infield hit) Domingo Matos to second
|
Batting: RHB Aaron Wilson
|
0-0: Grounds into double play, 4-6-3 (Groundball, 4) Domingo Matos to third
|
Batting: RHB Santo Cruz
|
0-0: Ball 1-0: Ball 2-0: Called Strike 2-1: Ground out 1-3 (Groundball, 23)
|
Bottom of the 5th over - 0 run(s), 1 hit(s), 0 error(s), 1 left on base; Mile High 0 - Houston 2 |
TOP OF THE 6TH |
Mile High Broncos batting - Pitching for Houston Hammertime : RHP Norberto Méndez
|
Batting: RHB Juan Gonzáles
|
0-0: Ball 1-0: Ball 2-0: Foul Ball, location: 2F 2-1: SOLO HOME RUN (Flyball, 7D), Distance : 355 ft
|
Batting: RHB Francisco Medina
|
0-0: Ball 1-0: Ball 2-0: SINGLE (Line Drive, 4MD)
|
Batting: LHB Doyle Otterburn
|
0-0: Foul Ball, location: 2F 0-1: SINGLE (Groundball, 34D) Francisco Medina to second Runner from 2nd tries for 3rd, OUT! Doyle Otterburn to second
|
Batting: LHB Tony Báez
|
0-0: Called Strike 0-1: Ball 1-1: Called Strike 1-2: Ball 2-2: Foul Ball, location: 2F 2-2: Strikes out looking
|
Batting: RHB José Herrera
|
0-0: Called Strike 0-1: Foul Ball, location: 2F 0-2: Ball 1-2: Ball 2-2: Foul Ball, location: 2F 2-2: Ball 3-2: Foul Ball, location: 2F 3-2: Strikes out looking
|
Top of the 6th over - 1 run(s), 3 hit(s), 0 error(s), 1 left on base; Mile High 1 - Houston 2 |
BOTTOM OF THE 6TH |
Houston Hammertime batting - Pitching for Mile High Broncos : LHP John Wilkins
|
Batting: SHB Cristo Ontiveros
|
0-0: Called Strike 0-1: Ball 1-1: SINGLE (Line Drive, 56)
|
Batting: RHB Luis Barzaga
|
0-0: Grounds into double play, 4-6-3 (Groundball, 34)
|
Batting: LHB Pat Jones
|
0-0: Ball 1-0: Called Strike 1-1: Ball 2-1: DOUBLE (Line Drive, 8LS)
|
Batting: RHB Mario Beltrán
|
0-0: Ball 1-0: Swinging Strike 1-1: Called Strike 1-2: Ground out 5-3 (Groundball, 56)
|
Bottom of the 6th over - 0 run(s), 2 hit(s), 0 error(s), 1 left on base; Mile High 1 - Houston 2 |
TOP OF THE 7TH |
Mile High Broncos batting - Pitching for Houston Hammertime : RHP Norberto Méndez
|
Batting: RHB Juan Jose Guevana
|
0-0: Ball 1-0: Ball 2-0: Called Strike 2-1: Swinging Strike 2-2: Fly out, F8 (Flyball, 8LXD)
|
Pitching: RHP Daniel Félix
|
|
Batting: LHB Bill Houston
|
0-0: Called Strike 0-1: Foul Ball, location: 2F 0-2: Strikes out swinging
|
Batting: SHB Tom Stevens
|
0-0: Ball 1-0: Ball 2-0: Called Strike 2-1: SINGLE (Line Drive, 7S)
|
Batting: RHB Edward Williams
|
0-0: Ball 1-0: Foul Ball, location: 2F 1-1: Ball 2-1: Ball 3-1: Swinging Strike 3-2: Foul Ball, location: 2F 3-2: SINGLE (Flyball, 7LS) Tom Stevens to second Tom Stevens to third
|
Batting: RHB Juan Gonzáles
|
0-0: Ball 1-0: Foul Ball, location: 2F 1-1: 3-RUN HOME RUN (Flyball, 8LXD), Distance : 436 ft
|
Batting: RHB Francisco Medina
|
0-0: Called Strike 0-1: Swinging Strike 0-2: Strikes out swinging
|
Top of the 7th over - 3 run(s), 3 hit(s), 0 error(s), 0 left on base; Mile High 4 - Houston 2 |
BOTTOM OF THE 7TH |
Houston Hammertime batting - Pitching for Mile High Broncos : LHP John Wilkins
|
Batting: RHB Pedro Meza
|
0-0: Ball 1-0: Ball 2-0: Called Strike 2-1: Called Strike 2-2: Foul Ball, location: 2F 2-2: Ball 3-2: Strikes out swinging
|
Batting: RHB Domingo Matos
|
0-0: Ground out 5-3 (Groundball, 5S)
|
Batting: LHB José Villegas
|
0-0: Ball 1-0: Swinging Strike 1-1: Called Strike 1-2: Ball 2-2: Strikes out swinging
|
Bottom of the 7th over - 0 run(s), 0 hit(s), 0 error(s), 0 left on base; Mile High 4 - Houston 2 |
TOP OF THE 8TH |
Mile High Broncos batting - Pitching for Houston Hammertime : RHP Daniel Félix
|
Batting: LHB Doyle Otterburn
|
0-0: Ground out 4-3 (Groundball, 4)
|
Batting: LHB Tony Báez
|
0-0: Ball 1-0: Called Strike 1-1: Called Strike 1-2: Strikes out swinging
|
Batting: RHB José Herrera
|
0-0: Ball 1-0: Fly out, F8 (Flyball, 8LD)
|
Top of the 8th over - 0 run(s), 0 hit(s), 0 error(s), 0 left on base; Mile High 4 - Houston 2 |
BOTTOM OF THE 8TH |
Houston Hammertime batting - Pitching for Mile High Broncos : LHP John Wilkins
|
Pitching: RHP Todd Howell
|
|
Batting: RHB Aaron Wilson
|
0-0: Ball 1-0: Foul Ball, location: 2F 1-1: Foul Ball, location: 2F 1-2: Strikes out swinging
|
Batting: RHB Santo Cruz
|
0-0: Called Strike 0-1: Ball 1-1: Ball 2-1: Ball 3-1: Base on Balls
|
Pitching: RHP Myoung-chul Im
|
|
Batting: SHB Cristo Ontiveros
|
0-0: Called Strike 0-1: Foul Ball, location: 2F 0-2: Strikes out swinging
|
Batting: RHB Luis Barzaga
|
0-0: SINGLE (Line Drive, 34) Santo Cruz to second
|
Batting: LHB Pat Jones
|
0-0: Foul Ball, location: 2F 0-1: Ball Wild Pitch! Santo Cruz to third Luis Barzaga to second 1-1: Swinging Strike 1-2: Ball 2-2: 3-RUN HOME RUN (Line Drive, 9D), Distance : 353 ft
|
Batting: RHB Mario Beltrán
|
0-0: Ball 1-0: Fly out, F3 (Popup, 3F)
|
Bottom of the 8th over - 3 run(s), 2 hit(s), 0 error(s), 0 left on base; Mile High 4 - Houston 5 |
TOP OF THE 9TH |
Mile High Broncos batting - Pitching for Houston Hammertime : RHP Daniel Félix
|
Pitching: RHP Raúl Saltines
|
|
Batting: RHB Juan Jose Guevana
|
0-0: Ball 1-0: Ball 2-0: Called Strike 2-1: Foul Ball, location: 2F 2-2: SOLO HOME RUN (Line Drive, 7D), Distance : 369 ft
|
Batting: LHB Bill Houston
|
0-0: Fly out, F8 (Flyball, 8LD)
|
Batting: SHB Tom Stevens
|
0-0: Foul Ball, location: 2F 0-1: Ball 1-1: Foul Ball, location: 2F 1-2: Foul Ball, location: 2F 1-2: Ground out 6-3 (Groundball, 56)
|
Batting: RHB Edward Williams
|
0-0: Ground out 1-3 (Groundball, 13)
|
Top of the 9th over - 1 run(s), 1 hit(s), 0 error(s), 0 left on base; Mile High 5 - Houston 5 |
BOTTOM OF THE 9TH |
Houston Hammertime batting - Pitching for Mile High Broncos : RHP Myoung-chul Im
|
Pitching: LHP Jorge García
|
|
Pinch Hitting: RHB Raúl Salas
|
0-0: Ball 1-0: Foul Ball, location: 2F 1-1: Ball 2-1: Reached on error, E6 (Groundball, 6)
|
Batting: RHB Domingo Matos
|
0-0: Intentional Walk
|
Batting: LHB José Villegas
|
0-0: Bunted foul 0-1: Reached on error, E1 (Groundball, 13S) Raúl Salas scores
|
|